 Dungeon Crawl Stone Soup version 0.18-a0-1370-gc45fe74 (webtiles) character file.

656 Reinor the Magician (level 7, 0/32 HPs)
             Began as a Spriggan Wizard on Feb 21, 2016.
             Was a Follower of Vehumet.
             Shot with an arrow by a centaur (15 damage)
             ... on level 5 of the Dungeon.
             The game lasted 00:30:21 (6745 turns).

Reinor the Magician (Spriggan Wizard)               Turns: 6745, Time: 00:30:21

Health: 0/32       AC:  2    Str:  5    XL:     7   Next: 29%
Magic:  1/15       EV: 18    Int: 21    God:    Vehumet [*.....]
Gold:   176        SH:  0    Dex: 15    Spells: 5 memorised, 6 levels left

rFire  + . .     SeeInvis +     h - +0 club
rCold  . . .     Gourm    .     a - +0 robe
rNeg   . . .     Faith    .     (shield restricted)
rPois  .         Spirit   .     b - +0 hat
rElec  .         Dismiss  .     (no cloak)
rCorr  .         Reflect  .     (gloves unavailable)
SustAt .         Harm     +     (boots unavailable)
MR     +....                    y - amulet of harm
Stlth  ++........               x - +2 ring of strength
                                j - ring of protection from fire

@: very slightly contaminated, very quick, somewhat resistant to hostile
enchantments, unstealthy
A: unfitting armour, see invisible, herbivore 3, speed 3, slow metabolism 2
a: Renounce Religion


You were on level 5 of the Dungeon.
You worshipped Vehumet.
Vehumet was aware of your devotion.
You were very hungry.

You visited 1 branch of the dungeon, and saw 5 of its levels.
You also visited: Ossuary.

You collected 176 gold pieces.

Inventory:

Hand Weapons
 h - a +0 club (weapon)
Missiles
 m - a throwing net (quivered)
Armour
 a - a +0 robe (worn)
 b - a +0 hat (worn)
Jewellery
 j - a ring of protection from fire (left hand)
 x - a +2 ring of strength (right hand)
 y - an amulet of harm (around neck)
Wands
 s - a wand of iceblast (5/15)
 u - a wand of confusion (36/48)
 D - a wand of paralysis (7/24)
Scrolls
 e - a scroll of enchant armour {unknown}
 i - 2 scrolls of recharging {unknown}
 k - a scroll of fog {unknown}
 o - a scroll of random uselessness {unknown}
 p - a scroll of amnesia {unknown}
 q - 3 scrolls of magic mapping
 z - 3 scrolls of teleportation
 E - a scroll of immolation {unknown}
 G - a scroll of remove curse
 H - a scroll of silence {unknown}
Potions
 f - 4 potions of heal wounds
 g - 2 potions of brilliance
 l - 2 potions of might
 r - a potion of cancellation
 t - 2 potions of berserk rage
 v - 5 potions of flight {unknown}
 A - 2 potions of lignification {unknown}
 B - 4 potions of curing {unknown}
 C - a potion of cure mutation {unknown}
Books
 c - a book of Minor Magic

   Spells                             Type                      Level
   a - Magic Dart                     Conjuration                  1
   b - Blink                          Translocation                2
   c - Call Imp                       Summoning                    2
   d - Repel Missiles                 Charms/Air                   2
   e - Slow                           Hexes                        2
   f - Conjure Flame                  Conjuration/Fire             3
   g - Mephitic Cloud                 Conjuration/Poison/Air       3
Comestibles
 d - 4 bread rations
 n - a slice of pizza
 w - 3 fruits


   Skills:
 - Level 3.0 Dodging
 - Level 3.0 Stealth
 - Level 5.0 Spellcasting
 + Level 4.1 Conjurations
   Level 0.7 Summonings
 - Level 3.0 Translocations
 + Level 4.5 Poison Magic


You had 6 spell levels left.
You knew the following spells:

 Your Spells              Type           Power        Failure   Level  Hunger
a - Magic Dart            Conj           ###.         1%          1    None
b - Blink                 Tloc           N/A          6%          2    None
c - Repel Missiles        Chrm/Air       #.....       17%         2    None
d - Slow                  Hex            #.......     17%         2    None
e - Mephitic Cloud        Conj/Pois/Air  ###.....     12%         3    ##.....


Dungeon Overview and Level Annotations

Branches:
Dungeon (5/15)
 Temple: D:4-7

Altars:
Makhleb
Nemelex Xobeh
Sif Muna
Vehumet


Innate Abilities, Weirdness & Mutations

You are tiny and cannot use many weapons and most armour.
You have supernaturally acute eyesight.
You are an herbivore.
You cover ground extremely quickly.
You need consume almost no food.


Message History

The centaur is severely wounded.
The centaur shoots an arrow.
The arrow hits you!
The centaur shoots an arrow.
The arrow hits you but does no damage.
Casting: Magic Dart
Confirm with . or Enter, or press ? or * to list all spells.
Aiming: Magic Dart
Press: ? - help, Shift-Dir - straight line, f/p - centaur
Aim: a centaur, wielding a shortbow (severely wounded)
The magic dart hits the centaur.
The centaur is almost dead.
Casting: Magic Dart
Confirm with . or Enter, or press ? or * to list all spells.
Aiming: Magic Dart
Press: ? - help, Shift-Dir - straight line, f/p - centaur
Aim: a centaur, wielding a shortbow (almost dead)
The magic dart hits the centaur.
The centaur is almost dead.
The centaur shoots an arrow.
The arrow hits you.
The centaur shoots an arrow.
The arrow hits you!
You die...

,,,,,,,,,,,,*,**,*,,,*,* *,* *,*
,,,,,********,*#.#...#,* *.# *,*
,,,,,,,,,,,,,,*#.#...#,***#.##*,*
,*,,*********###.#...#,,,,...,,,.
,,,,,,,,,,,,,,.......#,####.###.*
**,*,###########.#.#.#,#.##.#.#.*
,,,,,#>..............###....#..,*
,,,*,#..........(....#......#.#**
,,,,,#..........@....#.#.#..#.# #
,,**,#.##########.#..#.#.##...# #
,,,,,.........<...#......###..###
***,,############.##.#.#.'.##..##
* *,,* #c##.#...###.#... ***,,*
#.#...##.##..##.. ,**,,*
#.#...##.#...###. ,**,,* *****
#a#...##.....'.##
.#*,.#*****,,,**#.#...##.#...###.


You could see a centaur and a worker ant (wandering).

Vanquished Creatures
  Menkaure (Ossuary)
  An ogre (D:4)
  4 centaur zombies (Ossuary)
  An orc priest (D:5)
  A hound (D:4)
  A worker ant (D:4)
  An ogre zombie (Ossuary)
  7 mummies
  An adder (D:3)
  3 oozes
  6 adder zombies (Ossuary)
  An adder skeleton (D:4)
  2 worms
  2 giant geckos
  3 orcs
  5 giant cockroaches
  3 gnoll zombies (Ossuary)
  7 goblins
  9 hobgoblins
  7 jackals
  3 quokkas
  A ball python (D:4)
  6 bats
  A giant gecko skeleton (D:4)
  4 giant newts
  3 goblin zombies
  2 hobgoblin zombies (Ossuary)
  6 kobolds
  6 kobold zombies
  2 quokka zombies (Ossuary)
  12 rats
  5 rat zombies (Ossuary)
117 creatures vanquished.

Notes
Turn   | Place    | Note
--------------------------------------------------------------
     0 | D:1      | Reinor the Spriggan Wizard began the quest for the Orb.
     0 | D:1      | Reached XP level 1. HP: 9/9 MP: 6/6
   154 | D:1      | Reached skill level 1 in Conjurations
   192 | D:1      | Reached XP level 2. HP: 8/13 MP: 0/8
   263 | D:1      | Learned a level 2 spell: Blink
   266 | D:1      | Learned a level 2 spell: Repel Missiles
   269 | D:1      | Learned a level 2 spell: Slow
  1046 | D:1      | Reached XP level 3. HP: 14/16 MP: 2/10
  1155 | D:1      | Learned a level 3 spell: Mephitic Cloud
  1274 | D:1      | Reached skill level 5 in Spellcasting
  2018 | D:3      | Reached XP level 4. HP: 3/21 MP: 0/12
  3039 | D:3      | Found a sparkling altar of Nemelex Xobeh.
  3167 | D:3      | Found a burning altar of Makhleb.
  3167 | D:3      | Noticed a cacodemon
  3176 | D:3      | Noticed a hellwing
  3176 | D:3      | Noticed a neqoxec
  3231 | D:4      | Reached skill level 1 in Poison Magic
  3539 | D:4      | Noticed an ogre
  3555 | D:4      | Found a radiant altar of Vehumet.
  3564 | D:4      | Became a worshipper of Vehumet
  3620 | D:4      | Reached XP level 5. HP: 24/24 MP: 8/13
  4327 | D:4      | Found a deep blue altar of Sif Muna.
  4433 | D:4      | Killed an ogre
  4520 | D:5      | Entered Level 5 of the Dungeon
  4646 | D:5      | Found a sand-covered staircase.
  4690 | Ossuary  | Entered an ossuary
  4763 | Ossuary  | Reached XP level 6. HP: 28/28 MP: 5/14
  5873 | Ossuary  | Reached * piety under Vehumet
  5873 | Ossuary  | Offered knowledge of Freeze by Vehumet.
  6372 | Ossuary  | Noticed Menkaure
  6388 | Ossuary  | Killed Menkaure
  6388 | Ossuary  | Reached XP level 7. HP: 13/32 MP: 9/15
  6745 | D:5      | Shot with an arrow by a centaur

Vault maps used:
D:1:      dpeg_arrival_ratfight, kennysheep_boxes
D:2:      hangedman_decor_lopped
D:3:      overflow_temple_1_default, first_bread, st_stairs_5,
          makhleb_altar_promises_db
D:4:      lemuel_crystal_altar, lemuel_blue_sif_altar
D:5:      lemuel_doored_altar, nicolae_ossuary_entry_giza
Ossuary:  ossuary_boxes_badplayer

Action                   |  1- 3 |  4- 6 |  7- 9 || total
-------------------------+-------+-------+-------++-------
Melee: Unarmed           |    18 |       |       ||    18
       Club              |    30 |    25 |       ||    55
 Cast: Magic Dart        |   129 |   288 |    48 ||   465
  Use: Scroll            |     1 |    10 |     1 ||    12
 Stab: Sleeping          |       |     1 |       ||     1
  Eat: Pizza             |       |     1 |       ||     1
